Map: Cradle of Death

Players

NamroodTuo

  • Race: Terran Terran

TIM

  • Race: Zerg Zerg

VOD

Have the link to the VOD?

Description

Time

  • Played on: June 6, 2023, 11:05 a.m.
  • Length: 28:08
Show
View Real Time Build Order
Export as new Build Order

NamroodTuo Terran 

Build Orders:  

Get SALT Encoding   

  12  0:04  SCV  
  13  0:13  Unknown  
  13  0:21  SCV  
  14  0:38  SCV  
  15  0:40  Refinery  
  15  0:44  Refinery  
  15  0:54  SCV  
  16  1:11  SCV  
  16  1:17  Engineering Bay  
  17  1:28  SCV  
  18  1:37  Engineering Bay  
  18  1:48  SCV  
  19  1:56  Outlaw Weapons Level 1  
  19  2:13  Outlaw Life and Armor Level 1  
  19  2:18  SCV  
  20  2:35  SCV  
  21  2:45  Gunslingers Hideout  
  21  2:53  SCV  
  22  3:01  Tychus  
  22  3:41  SCV  
  23  3:57  Medivac Platform, Outlaw Weapons Level 2  
  23  3:58  SCV  
  24  4:29  Command Center  
  24  5:05  James Sirius Sykes  
  34  6:20  Outlaw Weapons Level 3  
  34  6:22  Outlaw Life and Armor Level 2  
  34  6:39  Fixers Safehouse  
  34  6:51  Auto-Turret  
  34  6:54  Unknown  
  34  7:11  SCV  
  34  7:19  Auto-Turret  
  35  7:28  SCV  
  36  7:45  SCV  
  36  7:46  Auto-Turret  
  37  8:00  Command Center  
  37  8:02  SCV  
  38  8:19  SCV  
  39  8:20  Auto-Turret  
  39  8:33  SCV  
  39  8:36  SCV  
  41  8:46  Auto-Turret  
  41  8:50  SCV  
  41  8:53  SCV  
  43  9:07  SCV  
  44  9:10  SCV  
  44  9:14  Auto-Turret  
  45  9:24  SCV  
  46  9:41  SCV  
  47  9:58  SCV  
  48  10:06  Unknown  
  48  10:14  SCV  
  48  10:19  Vega  
  59  10:23  Outlaw Life and Armor Level 3  
  59  10:31  SCV  
  59  10:33  SCV  
  61  10:48  SCV  
  62  10:50  SCV  
  62  10:56  Auto-Turret  
  63  11:05  SCV  
  63  11:07  SCV  
  65  11:22  SCV  
  65  11:23  Auto-Turret  
  65  11:24  SCV  
  65  11:25  Refinery  
  67  11:31  Auto-Turret  
  67  11:39  SCV  
  68  11:56  SCV  
  69  12:08  Crooked Sam  
  79  12:13  SCV  
  80  13:03  Outlaw Weapons Level 4  
  80  13:18  Outlaw Life and Armor Level 4  
  80  13:34  SA-55 Thunderbolt Missiles  
  80  13:45  Moebius Psionic Motivator  
  80  15:43  Lt Layna Nikara  
  90  16:00  Psi Projector  
  90  16:03  ITC-E Triggers  
  90  16:18  Endurance Supplements  
  90  16:41  Unknown  
  90  17:03  SCV, Refinery  
  91  17:20  SCV  
  92  17:33  Flashforce GDM Visor  
  92  17:37  SCV  
  93  19:22  Unknown  
  93  19:41  SCV  
  93  19:48  Outlaw Weapons Level 5  
  93  19:49  Medivac Platform, Outlaw Life and Armor Level 5  
  94  19:51  Neural Disruption Device  
  94  19:56  D99 Detonator, Moebius M34 Terror Rounds  
  94  22:08  KD9a Implosion Core  
  94  22:09  Kel-Morian Ripper Rounds, Vanadium Shell  
  94  22:13  Unknown  
  94  22:18  Procyon Serum, Umojan Repair Nanites  
  94  22:19  Procyon Twin Heal Beam Gauntlet  
  94  25:43  Unknown  
  94  26:35  Auto-Turret  
  90  26:56  Medivac Platform  
  90  27:00  Moebius Restraint Matrix, Procyon Shade Suit, LarsCorp G7 Charges  
Show
View Real Time Build Order
Export as new Build Order

TIM Zerg 

Build Orders:  

Get SALT Encoding   

  12  0:03  Infested SCV  
  13  0:11  Unknown  
  13  0:12  Infested SCV  
  14  0:20  Infested SCV  
  15  0:32  Overlord  
  15  0:52  Infested Barracks  
  15  1:03  Overlord  
  15  1:10  Infested Refinery  
  15  1:47  Infested Refinery  
  15  1:58  Infested Engineering Bay  
  15  1:59  Infested SCV  
  16  2:00  Infested SCV  
  16  2:05  Infested SCV  
  18  2:12  Infested SCV  
  19  2:20  Infested Engineering Bay  
  19  2:21  Infested Barracks Tech Lab  
  19  2:33  Infested SCV  
  19  2:38  Infested SCV  
  21  2:42  Infested SCV  
  22  3:09  Infestation Level 1  
  22  3:23  Infested SCV  
  22  3:24  Infested SCV  
  22  3:26  Infested SCV  
  25  3:47  Overlord  
  25  4:24  Stukov Infantry Weapons Level 1  
  25  4:35  Stukov Infantry Armor Level 1  
  25  4:37  Infested SCV  
  25  4:39  Infested SCV  
  27  4:54  Infested SCV  
  27  4:55  Overlord  
  27  4:58  Overlord  
  28  5:09  Broodling Gestation  
  28  5:18  Unknown  
  28  5:40  Retinal Augmentation  
  28  5:47  Infested SCV  
  29  6:39  Anaerobic Enhancement  
  29  6:56  Unknown  
  29  7:15  Regenerative Plating  
  29  7:37  Infested Command Center  
  29  7:39  Infestation Level 2  
  29  7:41  Infested SCV  
  29  7:42  Infested SCV x2  
  29  7:44  Overlord, Infested SCV  
  33  7:56  Infested Refinery  
  33  8:05  Infested SCV  
  34  8:29  Infested Refinery  
  34  8:57  Infested SCV  
  34  8:58  Infested SCV  
  34  8:59  Overlord  
  36  9:39  Infested Factory  
  36  9:40  Unknown  
  36  10:22  Infested SCV x2  
  36  10:23  Infested SCV x3  
  36  10:24  Infested SCV  
  36  10:25  Overlord x2  
  36  10:26  Infested SCV x2  
  44  10:44  Infested SCV  
  44  10:45  Overlord  
  45  11:01  Stukov Infantry Weapons Level 2  
  45  11:03  Stukov Infantry Armor Level 2  
  45  11:06  Infested Factory Tech Lab  
  45  11:33  Infested Armory  
  45  11:35  Infested Armory  
  45  11:58  Infested Diamondback x2  
  45  11:59  Infested Diamondback  
  54  12:02  Infested SCV  
  54  12:03  Infested SCV x2  
  54  12:04  Infested SCV  
  54  12:05  Infested SCV  
  54  12:07  Infested SCV  
  54  12:08  Overlord x3  
  54  12:09  Overlord  
  60  12:31  Infested SCV  
  60  12:33  Infested SCV  
  62  12:43  Infested Diamondback x2  
  62  12:45  Infested Diamondback x2  
  74  12:59  Stukov Vehicle and Ship Weapons Level 1  
  74  13:00  Stukov Vehicle and Ship Armor Level 1  
  74  13:04  Infested Diamondback  
  81  13:28  Overlord, Aggressive Incubation  
  81  13:29  Overlord  
  85  13:30  Overlord x2  
  85  13:31  Infested Bunker  
  85  13:35  Infested Bunker  
  85  13:37  Overseer x2  
  85  13:38  Overseer  
  85  13:50  Plagued Munitions  
  85  13:53  Saturated Cultures  
  85  14:53  Caustic Mucus  
  85  15:20  Infested Diamondback x4  
  85  15:21  Infested Diamondback  
  100  15:39  Overlord  
  100  15:40  Overlord x2  
  100  15:41  Overlord x2  
  100  15:58  Infested Diamondback  
  103  16:07  Stukov Vehicle and Ship Weapons Level 2  
  103  16:09  Stukov Vehicle and Ship Armor Level 2  
  103  16:10  Stukov Infantry Weapons Level 3  
  103  16:12  Stukov Infantry Armor Level 3  
  103  16:33  Infestation Level 3  
  103  16:44  Unknown, Infested SCV x2  
  103  16:45  Infested SCV  
  106  17:18  Infested Diamondback x2  
  106  17:19  Infested Diamondback  
  115  17:20  Infested Diamondback x2  
  129  18:01  Infested Bunker  
  129  18:12  Infested Bunker  
  126  18:51  Unknown  
  126  19:24  Infested Bunker  
  134  19:31  Infested Bunker  
  134  19:37  Stukov Vehicle and Ship Weapons Level 3  
  134  19:39  Stukov Vehicle and Ship Armor Level 3  
  134  19:52  Calcified Armor  
  138  20:10  Infested Bunker  
  138  20:18  Infested Diamondback x4  
  138  20:19  Infested Diamondback  
  153  21:49  Infested Diamondback  
  156  21:50  Infested Diamondback x3  
  165  22:11  Unknown  
  169  22:48  Infested Marine x2  
  169  22:49  Infested Marine x18  
  189  22:53  Infested Bunker  
  186  23:21  Infested Diamondback  
  186  23:22  Infested Diamondback x3  
  186  23:23  Infested Diamondback  
  160  24:33  Infested Diamondback x3  
  154  25:59  Infested Diamondback x3  
  163  26:00  Infested Diamondback  
  154  27:38  Infested Marine  
  154  27:39  Infested Marine x19  
  171  27:53  Infested Diamondback  
  171  27:56  Infested Diamondback  
Tags
 
Commander
StukovTychus
Matchup
Co-op
Replay Pack
Multiplayer
Add a new tag
Caveats
  • Supply blocks, unpowered buildings, or Contaminate may cause inaccurate times.
  • Supply counts are checked every 10 seconds.